 Dungeon Crawl Stone Soup version 0.31-a0-1603-gbec6b6ccbf (webtiles) character file.

Game seed: 18356750254271305236

234 jasper the Changeling (level 5, 0/25 HPs)
             Began as a Spriggan Shapeshifter on Jan 7, 2024.
             Was a Believer of Qazlal.
             Slain by an orc
             ... wielding a +0 falchion
              (5 damage)
             ... on level 3 of the Dungeon.
             The game lasted 00:03:03 (1807 turns).

jasper the Changeling (Spriggan Shapeshifter)       Turns: 1807, Time: 00:03:04

Health: 0/25       AC:  0    Str: 12    XL:     5   Next: 75%
Magic:  6/6        EV: 21    Int: 12    God:    Qazlal [**....]
Gold:   88         SH:  2    Dex: 14    Spells: 4/4 levels left

rFire   + .          .
                       - Unarmed
rCold   + . .        (shield currently unavailable)
rNeg    . . .        a - melded +0 animal skin
rPois   .            (helmet restricted)
rElec   .            g - scarf {rC+ rF+}
rCorr   .            (gloves unavailable)
SInv    +            (boots unavailable)
Will    .....        (no amulet)
Stlth   +            (no ring)
HPRegen 0.24/turn    (no ring)
MPRegen 0.10/turn

%: no passive effects
@: flux-form, glowing, very quick
A: glow, contaminating, very small, no large weapons, unfitting armour, see
invisible, speed 3
a: Begin Untransformation, Renounce Religion, Upheaval


You were on level 3 of the Dungeon.
You worshipped Qazlal.
Qazlal was pleased with you.
You were something dangerously unstable.
You visited 1 branch of the dungeon, and saw 3 of its levels.

You collected 88 gold pieces.

Inventory:

Missiles
 e - 23 stones
 f - 2 boomerangs
Armour
 a - a +0 animal skin (melded)
 g - a scarf of resistance (worn)
Talismans
 c - a beast talisman
 d - a flux talisman (active)
Scrolls
 i - a scroll of acquirement {unknown}
Potions
 b - a potion of lignification
 h - a potion of enlightenment
 k - 2 potions of degeneration
 l - a potion of attraction {unknown}


   Skills:
 + Level 1.2 Fighting
 + Level 3.1 Dodging
 + Level 2.6 Unarmed Combat
 + Level 0.9 Invocations
 * Level 7.4 Shapeshifting


You had 4 spell levels left.
You didn't know any spells.
Your spell library was empty.

Dungeon Overview and Level Annotations

Branches:
Dungeon (3/15)

Altars:
Qazlal

Shops:
D:2 =


Innate Abilities, Weirdness & Mutations

You are something dangerously unstable.
You glow with magical radiation, making you easy to see and hit.
Foes you strike become dangerously contaminated with magical radiation.
You are incapable of wielding weapons or throwing items.
You are very small and have problems with some larger weapons.
You are too small for most types of armour.
You have supernaturally acute eyesight. (SInv)
You cover ground extremely quickly. (Speed+++)


Message History

The orc shudders as magic cascades through it!
You kill the orc!
Qazlal accepts your kill.
You hit the orc.
The orc begins to glow.
The orc is heavily wounded.
You hit the orc but do no damage.
The orc begins to glow.
You hit the orc.
The orc glows dangerously bright.
The orc is moderately wounded.
The orc hits you with a +0 dagger.
You take 2 damage, and have 19/25 hp.
You hit the orc but do no damage.
The orc shudders as magic cascades through it.
The orc twists and deforms.
The orc is moderately wounded.
The orc completely misses you.
You hit the orc but do no damage.
The orc begins to glow.
The orc is lightly wounded.
The orc hits you with a +0 dagger.
You take 4 damage, and have 15/25 hp.
You hit the orc.
The orc glows dangerously bright.
The orc is heavily wounded.
You hit the orc.
The orc shudders as magic cascades through it.
You kill the orc!
Qazlal accepts your kill.
You hit the orc.
The orc begins to glow.
The orc is moderately wounded.
The orc stops glowing.
The orc hits you with a +0 hand axe.
You take 4 damage, and have 12/25 hp.
You hit the orc.
The orc glows dangerously bright.
The orc is heavily wounded.
The orc hits you with a +0 hand axe!
* * * LOW HITPOINT WARNING * * *
You take 7 damage, and have 5/25 hp.
MASSIVE DAMAGE!!
You hit the orc.
The orc shudders as magic cascades through it!!
You kill the orc!
Qazlal accepts your kill. The orc attacks as it pursues you!
The orc hits you with a +0 falchion.
You die...

######.....# #....>.....#
#......# #####......#
#........... #####......#
#.....^.....
#####################[######
#.......o)op............#
#.###....##°....#####.#.#
#.......#.###....##.#.#
#.#.....#.###.##.##.#.# ..
#...o.#.#...........# .o
#o.o.o#.#.#.###.#.### .
#.....#.#.#.# #.#.#
#.....#.# #.# #...# #.# #.#
###.######


You could see 2 orcs.

Vanquished Creatures
  A phantom (D:3)
  An orc priest (D:2)
  Terence (D:2)
  3 gnolls (D:2)
  2 adders (D:3)
  A ribbon worm (D:3)
  A dart slug (D:1)
  6 orcs
  6 ball pythons
  3 endoplasms (D:1)
  5 giant cockroaches
  6 goblins
  4 hobgoblins
  3 kobolds
  A quokka (D:1)
  2 bats
  A frilled lizard (D:2)
  3 rats (D:1)
50 creatures vanquished.

Notes
Turn   | Place    | Note
-------+----------+-------------------------------------------
     0 | D:1      | jasper the Spriggan Shapeshifter began the quest for the
                  | Orb.
     0 | D:1      | Reached XP level 1. HP: 9/9 MP: 2/2
   125 | D:1      | Found a faded altar of an unknown god.
   136 | D:1      | Prayed at the altar of an unknown god.
   136 | D:1      | Became a worshipper of Qazlal Stormbringer
   136 | D:1      | Reached * piety under Qazlal
   176 | D:1      | Reached XP level 2. HP: 8/14 MP: 3/3
   352 | D:1      | Reached skill level 5 in Shapeshifting
   481 | D:1      | Reached XP level 3. HP: 17/17 MP: 4/4
   840 | D:2      | Noticed Terence
   848 | D:2      | Killed Terence
   849 | D:2      | Reached skill level 6 in Shapeshifting
   881 | D:2      | Reached ** piety under Qazlal
  1099 | D:2      | Reached XP level 4. HP: 16/21 MP: 5/5
  1162 | D:2      | Found Ingaixis's Jewellery Emporium.
  1217 | D:2      | Reached skill level 7 in Shapeshifting
  1592 | D:3      | Reached XP level 5. HP: 25/25 MP: 6/6
  1753 | D:3      | Noticed a phantom
  1761 | D:3      | Killed a phantom
  1762 | D:3      | Reached skill level 1 in Fighting
  1807 | D:3      | Slain by an orc

Illustrated notes

Levels and vault maps discovered:
D:1:      saegor_arrival_under_anarchy, layout_loops_cross,
          dilly_ecumenical_altar_fadedgnrine, minmay_misc_feat_room,
          grunt_decor_cap, minivault_25
D:2:      cheibrodos_pilgrimage, layout_basic, serial_shops,
          nicolae_shop_crystal, serial_bayou_lagoon_a, uniq_terence
D:3:      layout_basic, vehumet_statue, nicolae_hepliaklqana_hippocampus

Skill      XL: |  1  2  3  4  5 |
---------------+----------------+-----
Shapeshifting  | 5 6 7 |  7.4
Fighting       | 1 |  1.2
Dodging        | 3 |  3.1
Unarmed Combat | |  2.6
Invocations    | |  0.9

Action                     |  1- 3 |  4- 6 || total
---------------------------+-------+-------++-------
  Melee: Unarmed           |   103 |    61 ||   164
         Punch             |     2 |     1 ||     3
    Use: Scroll            |     4 |     2 ||     6
         Potion            |       |     1 ||     1
   Stab: Sleeping          |     1 |       ||     1
 Armour: Animal skin       |    23 |     6 ||    29
         Skin              |       |     9 ||     9
  Dodge: Dodged            |    62 |    28 ||    90
  Block: Other             |     5 |     1 ||     6
   Form: Flux              |       |     1 ||     1

Table legend: (Time is in decaauts)
 A = Elapsed time spent in this place.
 B = Non-inter-level travel time spent in this place.
 C = Inter-level travel time spent in this place.
 D = Time resting spent in this place.
 E = Time spent auto-exploring this place.
 F = Levels seen in this place.
 G = Mean time per level.
                   A        B        C        D        E       F      G
               +--------+--------+--------+--------+--------+-----+--------+
         Total |   1262 |   1231 |     31 |     46 |    810 |   3 |  420.7 |
       Dungeon |   1262 |   1231 |     31 |     46 |    810 |   3 |  420.7 |
               +--------+--------+--------+--------+--------+-----+--------+

Top non-repeatable levels by time:
     D:2: 568 daAuts
     D:1: 532 daAuts
     D:3: 161 daAuts
